 Dungeon Crawl Stone Soup version 0.30.0-5-g1a98f26d00 (webtiles) character file.

Game seed: 5357539287491733119

48 qeuew the Covered (level 3, 0/33 HPs)
             Began as a Minotaur Fighter on May 12, 2023.
             Slain by a gnoll
             ... wielding a +0 whip
              (2 damage)
             ... on level 2 of the Dungeon.
             The game lasted 00:00:59 (783 turns).

qeuew the Covered (Minotaur Fighter)                 Turns: 783, Time: 00:00:59

Health: 0/33       AC:  7    Str: 20    XL:     3   Next: 50%
Magic:  1/1        EV:  9    Int:  5    God:
Gold:   66         SH:  4    Dex: 11    Spells: 2/2 levels left

rFire   . . .        a - +0 war axe
rCold   . . .        c - +0 buckler
rNeg    . . .        b - +0 scale mail
rPois   +            (helmet restricted)
rElec   .            (no cloak)
rCorr   .            (no gloves)
SInv    .            (no boots)
Will    .....        (no amulet) Stlth
                     (no ring)
HPRegen 0.25/turn    (no ring)
MPRegen 0.07/turn

%: no passive effects
@: no status effects
A: horns 2, retaliatory headbutt, fangs 1, low MP 1, poison resistance
a: no special abilities


You were on level 2 of the Dungeon.
You visited 1 branch of the dungeon, and saw 2 of its levels.

You collected 66 gold pieces.

Inventory:

Hand Weapons
 a - a +0 war axe (weapon)
Armour
 b - a +0 scale mail (worn)
 c - a +0 buckler (worn)
Scrolls
 f - a scroll of blinking {unknown}
 h - a scroll of teleportation
 i - a scroll of fear
Potions
 d - a potion of might
 j - a potion of haste


   Skills:
 + Level 4.0 Fighting
 + Level 2.9 Axes
 * Level 4.2 Armour
 + Level 1.2 Dodging
 + Level 4.1 Shields


You had 2 spell levels left.
You didn't know any spells.
Your spell library contained the following spells:

 Spells                   Type           Power      Damage    Failure   Level
 Vhi's Electric Charge    Tloc/Air       0%         N/A       99%         3
 Arcjolt                  Conj/Air       0%         1d10      100%        5
 Plasma Beam              Fire/Air       0%         2x1d11    100%        6


Dungeon Overview and Level Annotations

Branches:
Dungeon (2/15)

Altars:


Innate Abilities, Weirdness & Mutations

You have a pair of horns on your head.
You reflexively headbutt those who attack you in melee.
You have very sharp teeth.
Your magical capacity is low. (-10% MP)
Your system is resistant to poisons. (rPois)


Message History

You are held in a net!
You are held in a net!
Unknown command.
You struggle against the net.
The gnoll hits you but does no damage.
You struggle against the net.
The gnoll hits you with a +0 whip. The gnoll hits you with a +0 club.
Unknown command.
You struggle against the net.
The gnoll hits you with a +0 whip. The gnoll barely misses you.
You furiously retaliate!
You headbutt the gnoll!
You rip the net and break free!
The gnoll hits you with a +0 whip. The gnoll barely misses you.
Unknown command.
You slash the gnoll!
You kill the gnoll!
You hit the gnoll.
The gnoll throws a throwing net.
The throwing net hits you.
You become entangled in the net!
The gnoll hits you but does no damage.
You struggle against the net.
The gnoll hits you with a +0 whip.
Unknown command.
You tear a large gash into the net.
The gnoll hits you with a +0 flail. The gnoll hits you but does no damage.
You rip the net and break free!
The gnoll hits you with a +0 flail!
* * * LOW HITPOINT WARNING * * *
The gnoll hits you with a +0 whip.
* * * LOW HITPOINT WARNING * * *
You hit the gnoll. You headbutt the gnoll!
The gnoll is almost dead.
You hit the gnoll but do no damage. You block the gnoll's attack.
The gnoll misses you. You furiously retaliate!
You headbutt the gnoll, but do no damage.
The gnoll hits you with a +0 whip.
* * * LOW HITPOINT WARNING * * *
You block the gnoll's attack.
It was a potion of mutation.
You feel extremely strange.
You feel less energetic.
Your teeth lengthen and sharpen.
You feel resistant to poisons. You block the gnoll's attack.
The gnoll hits you with a +0 flail.
* * * LOW HITPOINT WARNING * * *
It was a potion of cancellation.
You feel magically purged. The gnoll hits you with a +0 whip.
You die...

.# .# #.##+##
~# ....... ~#
~...... ##
..~.... .##
.....~. ..#
##g......
..######
#gg......
..'..[(#
######@#
..###~.#
#......#
####≈~≈##
#.######
..≈≈≈≈..# #.#
~~~~....###.#
).####.##...#
#......†..###
#####.....#
###...#


You could see 3 gnolls.

Vanquished Creatures
  A gnoll (D:2)
  A worm (D:2)
  3 ball pythons (D:1)
  3 bats (D:1)
  2 endoplasms (D:1)
  A giant cockroach (D:1)
  4 goblins
  2 hobgoblins
  2 quokkas (D:2)
  A frilled lizard (D:1)
  8 kobolds
  6 rats
34 creatures vanquished.

Notes
Turn   | Place    | Note
-------+----------+-------------------------------------------
     0 | D:1      | qeuew the Minotaur Fighter began the quest for the Orb.
     0 | D:1      | Reached XP level 1. HP: 19/19 MP: 0/0
   130 | D:1      | Reached XP level 2. HP: 27/27 MP: 1/1
   430 | D:1      | Reached skill level 1 in Dodging
   675 | D:2      | Reached XP level 3. HP: 33/33 MP: 2/2
   782 | D:2      | Gained mutation: Your magical capacity is low. (-10% MP)
                  | [potion of mutation]
   782 | D:2      | Gained mutation: You have very sharp teeth. [potion of
                  | mutation]
   782 | D:2      | Gained mutation: Your system is resistant to poisons.
                  | (rPois) [potion of mutation]
   783 | D:2      | Slain by a gnoll

Illustrated notes

Levels and vault maps discovered:
D:1:      roderic_octagonal_star, layout_basic, glass_columns_b
D:2:      layout_basic, serial_rivers, chequers_serial_rivers_small_a,
          chequers_serial_rivers_small_3, chequers_serial_rivers_marsh,
          chequers_serial_rivers_micro_c,
          shapermc_ecumenical_altar_starsandcircs, grunt_ministairs_14,
          st_stairs_2, lemuel_flame_loot_1, uniq_jessica

Skill      XL: |  1  2  3 |
---------------+----------+-----
Armour         | 4 |  4.2
Dodging        | 1 |  1.2
Shields        | 4 |  4.1
Fighting       | 4 |  4.0
Axes           | |  2.9

Action                     || total
---------------------------++-------
  Melee: War axe           ||    50
         Headbutt          ||     6
    Use: Scroll            ||     5
         Potion            ||     2
 Armour: Scale mail        ||    17
  Dodge: Dodged            ||    19
  Block: Buckler           ||    18
